AoeStats
← Nopec

Black Forest

506169145Analyzed
4v4 RM · 20d ago on Sep 12, 2026· 46m 7s· 8 players
Game mode
Random Map
Map size
Large (8 player)
Population
200
Speed
Normal
Resources
Standard
Victory
Conquest
Starting age
Dark Age
Ending age
Imperial Age
RankedLock teamsTeams togetherTeam positionsShared explorationLock speedFull tech treeHidden civsTurbo modeCheats
Victory
Defeat
🇮🇹 Bohemians · Italy
841
+14
🇻🇳 Burgundians · Vietnam
839
+14
🇨🇳 Franks · China
813
+15
🇦🇺 Spanish · Australia
748
+17
🇩🇰 Chinese · Denmark
814
-16
🇩🇪 Britons · Germany
789
-15
🇪🇸 Japanese · Spain
783
-15
🇬🇧 Mongols · United Kingdom
762
-14
kingofthelosers
4:58 Loom
10:52 Feudal Age
14:24 Double-Bit Axe
14:22 Horse Collar
17:49 Castle Age
19:32 Heavy Plow
21:52 Gold Mining
22:40 Bow Saw
24:30 Stone Mining
25:16 Gold Shaft Mining
24:57 Caravan
28:26 Town Watch
29:06 Pikeman
29:48 Squires
32:17 Fletching
32:28 Padded Archer Armor
32:39 Forging
32:30 Scale Mail Armor
32:36 Scale Barding Armor
33:15 Stone Shaft Mining
33:19 Wheelbarrow
33:30 Town Patrol
37:02 Iron Casting
36:44 Chain Mail Armor
36:49 Chain Barding Armor
36:25 Bodkin Arrow
36:45 Leather Archer Armor
40:20 Imperial Age
37:35 Elite Skirmisher
38:24 Thumb Ring
38:34 Bloodlines
38:46 Murder Holes
39:23 Ballistics
41:05 Onager
41:06 Capped Ram
41:30 Elite Mangudai
42:35 Conscription
42:50 Hoardings
42:17 Nomads
42:23 Bracer
43:24 Blast Furnace
42:36 Husbandry
42:41 Murder Holes
44:13 Plate Mail Armor
44:21 Elite Skirmisher
Nopec
0:49 Loom
11:31 Feudal Age
12:14 Horse Collar
12:21 Double-Bit Axe
19:09 Wheelbarrow
20:58 Castle Age
20:10 Stone Mining
22:10 Bow Saw
22:03 Heavy Plow
22:04 Fletching
22:52 Padded Archer Armor
23:35 Town Watch
27:37 Wheelbarrow
28:23 Yeomen
28:09 Gold Mining
30:24 Hand Cart
30:39 Bodkin Arrow
31:34 Leather Archer Armor
31:57 Ballistics
31:33 Murder Holes
31:51 Fortified Wall
33:45 Gold Shaft Mining
36:48 Imperial Age
35:20 Masonry
34:51 Treadmill Crane
35:18 Crossbowman
37:43 Town Patrol
38:25 Conscription
38:14 Warwolf
38:24 Bracer
39:30 Chemistry
38:07 Arbalester
39:39 Caravan
41:49 Two-Man Saw
43:54 Ring Archer Armor
BLITZKRIEG
0:31 Loom
12:53 Feudal Age
13:37 Horse Collar
13:43 Double-Bit Axe
14:36 Wheelbarrow
15:15 Gold Mining
24:05 Castle Age
22:11 Stone Mining
25:28 Stone Shaft Mining
25:30 Gold Shaft Mining
25:08 Bow Saw
24:59 Heavy Plow
25:16 Hand Cart
26:32 Fletching
26:44 Padded Archer Armor
28:02 Ballistics
28:06 Bodkin Arrow
28:30 Leather Archer Armor
29:03 Town Watch
29:19 Murder Holes
29:43 Masonry
29:08 Pikeman
30:58 Town Patrol
31:42 Fortified Wall
31:52 Great Wall
34:35 Caravan
40:25 Imperial Age
40:42 Elite Chu Ko Nu
41:09 Heavy Rocket Cart
43:56 Architecture
44:34 Chemistry
43:59 Rocketry
44:00 Conscription
45:10 Bracer
45:41 Ring Archer Armor
josehgx
0:28 Loom
12:56 Feudal Age
20:59 Castle Age
27:52 Horse Collar
30:19 Wheelbarrow
30:01 Heavy Plow
30:42 Gold Mining
30:45 Stone Mining
31:17 Masonry
31:31 Double-Bit Axe
33:49 Gold Shaft Mining
39:05 Imperial Age
42:08 Elite Samurai
david
3:44 Loom
13:14 Feudal Age
18:10 Castle Age
17:18 Double-Bit Axe
18:27 Horse Collar
19:23 Bow Saw
25:12 Two-Man Saw
28:41 Heavy Plow
31:39 Crop Rotation
31:02 Stone Mining
31:03 Gold Mining
34:19 Imperial Age
33:37 Caravan
33:48 Guilds
33:46 Scale Barding Armor
34:17 Padded Archer Armor
35:18 Stone Shaft Mining
36:11 Wheelbarrow
35:22 Town Watch
36:41 Chain Barding Armor
36:58 Forging
37:51 Leather Archer Armor
38:27 Gold Shaft Mining
38:58 Chemistry
40:35 Plate Barding Armor
40:36 Iron Casting
39:38 Elite Coustillier
40:45 Burgundian Vineyards
42:02 Ballistics
43:18 Husbandry
42:40 Cavalier
44:21 Blast Furnace
43:30 Elite Coustillier
Noob
1:41 Loom
13:15 Feudal Age
14:31 Wheelbarrow
13:44 Double-Bit Axe
13:43 Horse Collar
20:38 Castle Age
24:14 Bow Saw
27:34 Heavy Plow
32:49 Fortified Wall
34:36 Hand Cart
39:40 Imperial Age
37:24 Caravan
39:03 Bloodlines
38:53 Husbandry
39:30 Squires
39:15 Gambesons
38:51 Pikeman
40:52 Conscription
39:56 Elite Conquistador
42:19 Fletching
42:29 Padded Archer Armor
42:31 Scale Mail Armor
43:50 Ballistics
44:34 Chemistry
43:28 Halberdier
story
1:30 Loom
12:13 Feudal Age
17:50 Castle Age
16:17 Double-Bit Axe
21:23 Bow Saw
32:31 Imperial Age
30:36 Wheelbarrow
29:47 Town Watch
30:05 Gold Mining
30:06 Stone Mining
30:23 Scale Barding Armor
31:48 Gold Shaft Mining
31:53 Hand Cart
32:56 Town Patrol
35:24 Caravan
35:54 Coinage
36:28 Chain Barding Armor
36:19 Forging
37:16 Banking
37:12 Fortified Wall
38:03 Chemistry
36:59 Murder Holes
37:14 Masonry
37:10 Siege Engineers
37:26 Ballistics
39:08 Conscription
38:50 Chivalry
39:13 #83
38:14 Elite Throwing Axeman
39:39 Iron Casting
39:54 Plate Barding Armor
38:57 Cavalier
39:38 Husbandry
40:05 Arrowslits
40:10 Paladin
41:51 Light Cavalry
43:46 Blast Furnace
43:56 Architecture
44:23 Fletching
44:33 Scale Mail Armor
44:34 Padded Archer Armor
VioletRayLegacy
1:35 Loom
2:16 Loom
12:37 Feudal Age
19:52 Castle Age
17:39 Horse Collar
17:49 Double-Bit Axe
20:07 Wheelbarrow
20:48 Bow Saw
20:41 Heavy Plow
23:15 Hand Cart
26:57 Treadmill Crane
28:18 Chemistry
27:14 Murder Holes
29:20 Caravan
32:11 Imperial Age
30:37 Wagenburg Tactics
30:24 Fletching
30:38 Padded Archer Armor
30:42 Scale Mail Armor
31:54 Bodkin Arrow
32:14 Leather Archer Armor
33:21 Leather Archer Armor
32:36 Pikeman
33:59 Conscription
33:19 Elite Skirmisher
34:16 Chain Mail Armor
34:05 Squires
33:51 Arson
35:57 Houfnice
37:25 Heavy Scorpion
40:04 Elite Hussite Wagon
40:50 Hussite Reforms
41:02 Forging
43:10 Bracer
43:42 Plate Mail Armor
44:42 Halberdier
46:21 Ring Archer Armor
46:26 Iron Casting
46:31 Scale Barding Armor
46:49 Ballistics
46:15 Arrowslits
46:36 Siege Engineers
46:34 Caravan
Connection lost

Rejoining the realm…

Still unreachable

The connection could not be restored.

Session expired

The server has moved on; the page needs a fresh start.